 Dungeon Crawl Stone Soup version 0.30-a0-140-gd1020e658a (webtiles) character file.

Game seed: 7117441729352644189

4196 themarg the Martial Artist (level 10, -5/76 HPs)
             Began as a Gnoll Transmuter on Sept 25, 2022.
             Was a Believer of Nemelex Xobeh.
             Slain by a two-headed ogre
             ... wielding a +0 giant spiked club
              (36 damage)
             ... on level 8 of the Dungeon.
             The game lasted 00:35:56 (10925 turns).

themarg the Martial Artist (Gnoll Transmuter)      Turns: 10925, Time: 00:35:56

Health: -5/76      AC:  2    Str:  9    XL:     10   Next: 29%
Magic:  20/21      EV: 24    Int: 17    God:    Nemelex Xobeh [**....]
Gold:   440        SH:  5    Dex: 18    Spells: 14/23 levels left

rFire   . . .      SeeInvis .      - Unarmed
rCold   . . .      Faith    .    (shield currently unavailable)
rNeg    . . .      Spirit   .    (body armour currently unavailable)
rPois   x          Reflect  +    (helmet currently unavailable)
rElec   .          Harm     .    (cloak currently unavailable)
rCorr   .          Rampage  .    (gloves currently unavailable)
Will    .....                    (boots currently unavailable)
Stlth   +++.......               f - amulet of reflection
HPRegen 0.22/turn                d - ring of wizardry
MPRegen 0.17/turn                (no ring)

@: mighty, spider-form
A: venomous fangs, tiny, (fangs 1), strong nose, distributed training
a: End Transformation, Renounce Religion, Draw Escape, Draw Destruction, Draw
Summoning


You were on level 8 of the Dungeon.
You worshipped Nemelex Xobeh.
Nemelex Xobeh was pleased with you.
You were a venomous arachnid creature.
You visited 2 branches of the dungeon, and saw 9 of its levels.
You also visited: Sewer.

You collected 476 gold pieces.
You spent 36 gold pieces at shops.

Inventory:

Hand Weapons
 B - the +1 rapier of Huquew {elec, rElec rN+++ Str+5 Int-3}
   (You found it on level 5 of the Dungeon)

   It occasionally discharges a powerful burst of electricity upon striking a
   foe.
   Str:       It affects your strength (+5).
   Int:       It affects your intelligence (-3).
   rElec:     It insulates you from electricity.
   rN:        It renders you almost immune to negative energy.
 J - a +5 battleaxe
 K - a +3 dire flail
 N - a +4 spectral quarterstaff (melded)
Missiles
 p - 24 poisoned darts
Armour
 a - a +0 robe (melded)
 i - a +0 pair of boots (melded)
 t - a +0 helmet (melded)
Magical Staves
 D - a staff of death
Jewellery
 d - a ring of wizardry (left front leg)
 e - a ring of ice
 f - an amulet of reflection (around neck)
Wands
 x - a wand of quicksilver (11)
 z - a wand of iceblast (11)
Scrolls
 j - 3 scrolls of vulnerability {unknown}
 k - 2 scrolls of immolation {unknown}
 l - 3 scrolls of teleportation {unknown}
 n - 2 scrolls of torment {unknown}
 q - 4 scrolls of fear {unknown}
 s - 6 scrolls of noise
 y - a scroll of brand weapon {unknown}
 C - a scroll of amnesia {unknown}
 E - a scroll of poison {unknown}
 F - 2 scrolls of identify
 H - 2 scrolls of blinking {unknown}
 I - a scroll of summoning {unknown}
Potions
 b - 2 potions of lignification
 c - 8 potions of brilliance
 g - 6 potions of curing
 h - 2 potions of mutation {unknown}
 m - 2 potions of heal wounds
 o - 4 potions of haste
 r - 2 potions of invisibility
 u - 4 potions of might
 v - 2 potions of flight {unknown}
 G - a potion of cancellation {unknown}
 L - a potion of degeneration {unknown}


   Skills:
 + Level 6.0 Fighting
 + Level 5.3 Short Blades
 + Level 5.3 Long Blades
 + Level 5.3 Axes
 + Level 5.3 Maces & Flails
 + Level 5.3 Polearms
 + Level 5.3 Staves
 + Level 5.3 Ranged Weapons
 + Level 5.3 Throwing
 + Level 5.3 Armour
 + Level 7.1 Dodging
 + Level 5.3 Stealth
 + Level 5.3 Shields
 + Level 8.5 Unarmed Combat
 + Level 7.4 Spellcasting
 + Level 4.4 Conjurations
 + Level 4.4 Hexes
 + Level 4.4 Summonings
 + Level 4.4 Necromancy
 + Level 4.4 Translocations
 + Level 5.9 Transmutations
 + Level 4.4 Fire Magic
 + Level 4.4 Ice Magic
 + Level 4.4 Air Magic
 + Level 4.4 Earth Magic
 + Level 4.4 Poison Magic
 + Level 5.9 Invocations
 + Level 5.3 Evocations


You had 14 spell levels left.
You knew the following spells:

 Your Spells              Type           Power      Damage    Failure   Level
a - Beastly Appendage     Tmut           52%        N/A       2%          1
b - Wereblood             Tmut           26%        N/A       2%          2
c - Spider Form           Tmut/Pois      23%        N/A       5%          3
d - Confusing Touch       Hex            21%        N/A       6%          3

Your spell library contained the following spells:

 Spells                   Type           Power      Damage    Failure   Level
 Freeze                   Ice            84%        1d10      3%          1
 Slow                     Hex            84%        N/A       3%          1
 Cigotuvi's Dreadful Rot  Necr/Pois/Air  42%        N/A       4%          2
 Ensorcelled Hibernation  Hex/Ice        42%        N/A       4%          2
 Poisonous Vapours        Pois/Air       42%        N/A       4%          2
 Frozen Ramparts          Ice            42%        1d7       6%          3
 Gell's Gravitas          Tloc           21%        N/A       6%          3
 Lesser Beckoning         Tloc           21%        N/A       6%          3
 Teleport Other           Tloc           21%        N/A       6%          3
 Vampiric Draining        Necr           21%        2d7       6%          3
 Ice Form                 Ice/Tmut       23%        N/A       12%         4
 Anguish                  Hex/Necr       10%        N/A       16%         4
 Hailstorm                Conj/Ice       21%        3d6       16%         4
 Dispersal                Tloc           10%        N/A       82%         6


Dungeon Overview and Level Annotations

Branches:
Dungeon (8/15)             Temple (1/1) D:4           Sewer (visited)
   Lair: D:8-11

Altars:
Ashenzari
Cheibriados
Dithmenos
Elyvilon
Fedhas
Gozag
Hepliaklqana
Kikubaaqudgha
Makhleb
Nemelex Xobeh
Okawaru
Ru
Sif Muna
Trog
Vehumet
Wu Jian
Yredelemnul
Zin
The Shining One

Shops:
D:1 *   D:5 !

Annotations:
D:3 14 exclusions
D:6 exclusion: downstairs


Innate Abilities, Weirdness & Mutations

You are a venomous arachnid creature.
You have poisonous fangs.
You are tiny and dextrous.
Your spellcasting is less reliable in this form.
Your armour is entirely melded.
You are incapable of wielding weapons or throwing items.
((You have very sharp teeth.))
Your uncanny sense of smell can sniff out nearby items.
Your experience applies equally to all skills.


Message History

Your transformation is almost over.
Things that are here:
a +0 dagger; a +0 robe; an orc corpse Your transformation has ended.
Your +4 spectral quarterstaff unmelds from your body.
Your +0 helmet unmelds from your body.
Your +0 pair of boots unmelds from your body.
Your +0 robe unmelds from your body.
You feel a bond with your +4 spectral quarterstaff.
A two-headed ogre comes into view.
It is wielding two +0 giant spiked clubs.
Casting: Spider Form (safe; 1% risk of failure)
Confirm with . or Enter, or press ? or * to list all spells.
You turn into a venomous arachnid creature.
Your +4 spectral quarterstaff melds into your body.
Your +0 helmet melds into your body.
Your +0 pair of boots melds into your body.
Your +0 robe melds into your body.
The two-headed ogre shouts in stereo!
A centaur comes into view.
The centaur shouts!
You hit the two-headed ogre.
The two-headed ogre is poisoned.
The two-headed ogre is lightly wounded.
The centaur wields a +0 shortbow.
The centaur shoots an arrow.
The arrow hits you!
The two-headed ogre hits you with a +0 giant spiked club!
The two-headed ogre hits you with a +0 giant spiked club!!
The centaur shoots an arrow.
You reflect the arrow off an invisible shield around you!
The arrow hits the centaur!
The centaur shoots an arrow.
The arrow completely misses you.
An acid dragon comes into view.
The acid dragon roars!
You hear an angry buzzing noise.
An orc comes into view.
It is wielding a +0 dagger and carrying a wand of flame (12).
Okay, then.
You feel very mighty all of a sudden.
You hit the two-headed ogre.
The two-headed ogre looks even sicker.
The two-headed ogre is moderately wounded.
The two-headed ogre hits you with a +0 giant spiked club!!!
You die...
Your body disappears without a glow.

.# .⌠.#........##.## .#
8..............yo .#
⌠.#.###..####c# .#
#..#.......y#
.########...##..D.######
........##..##...##.....
#######..##.....##....
##..###y###..#
##..)..DOs.#
####........# ##########


You could see a two-headed ogre (very poisoned), an acid dragon and a killer
bee.

Vanquished Creatures
  Joseph (D:7)
  A hornet (D:7)
  A steam dragon (D:7)
  Edmund (D:4)
  Duvessa (D:7)
  3 sky beasts
  An orc warrior (D:6)
  2 black bears
  2 ice beasts
  2 ogres
  A centaur (D:8)
  A phantom (D:5)
  3 kobold brigands
  2 bullfrogs
  4 scorpions
  8 wights (D:7)
  A killer bee (D:8)
  Dowan (D:7)
  2 electric eels (D:7)
  A howler monkey (D:8)
  3 hounds
  4 orc priests
  4 jellies (Sewer)
  A gnoll bouda (D:5)
  4 iguanas
  7 orc wizards
  8 gnolls (D:5)
  14 adders
  4 river rats
  A shadow imp (D:5)
  A white imp (D:7)
  An ufetubus (D:4)
  A dart slug (D:1)
  35 orcs
  14 ball pythons
  5 bats
  8 endoplasms
  9 giant cockroaches
  6 goblins
  6 hobgoblins
  4 jackals (D:4)
  24 kobolds
  5 quokkas
  3 frilled lizards
  14 rats
225 creatures vanquished.

Vanquished Creatures (others)
  An orc (D:5)
  A fungus (D:1)
2 creatures vanquished.

Grand Total: 227 creatures vanquished

Notes
Turn   | Place    | Note
-------+----------+-------------------------------------------
     0 | D:1      | themarg the Gnoll Transmuter began the quest for the Orb.
     0 | D:1      | Reached XP level 1. HP: 17/17 MP: 6/6
   108 | D:1      | Found a faded altar of an unknown god.
   407 | D:1      | Reached XP level 2. HP: 15/23 MP: 5/7
   519 | D:1      | Learned a level 2 spell: Wereblood
   859 | D:1      | Found Borot's Assorted Antiques.
  1039 | D:2      | Reached skill level 5 in Spellcasting
  1039 | D:2      | Reached XP level 3. HP: 17/28 MP: 7/9
  1157 | D:2      | Learned a level 3 spell: Spider Form
  1351 | D:2      | Reached skill level 1 in Invocations
  1777 | D:2      | Reached skill level 1 in Short Blades
  1777 | D:2      | Reached skill level 1 in Long Blades
  1777 | D:2      | Reached skill level 1 in Axes
  1777 | D:2      | Reached skill level 1 in Maces & Flails
  1777 | D:2      | Reached skill level 1 in Polearms
  1777 | D:2      | Reached skill level 1 in Staves
  1777 | D:2      | Reached skill level 1 in Ranged Weapons
  1777 | D:2      | Reached skill level 1 in Throwing
  1777 | D:2      | Reached skill level 1 in Armour
  1777 | D:2      | Reached skill level 1 in Stealth
  1777 | D:2      | Reached skill level 1 in Shields
  1777 | D:2      | Reached skill level 1 in Evocations
  1996 | D:2      | Reached XP level 4. HP: 31/34 MP: 9/11
  2527 | D:3      | Reached skill level 1 in Conjurations
  2527 | D:3      | Reached skill level 1 in Hexes
  2527 | D:3      | Reached skill level 1 in Summonings
  2527 | D:3      | Reached skill level 1 in Necromancy
  2527 | D:3      | Reached skill level 1 in Translocations
  2527 | D:3      | Reached skill level 1 in Fire Magic
  2527 | D:3      | Reached skill level 1 in Ice Magic
  2527 | D:3      | Reached skill level 1 in Air Magic
  2527 | D:3      | Reached skill level 1 in Earth Magic
  2527 | D:3      | Reached skill level 1 in Poison Magic
  2572 | D:3      | Found a white marble altar of Elyvilon.
  2636 | D:3      | Found an ancient bone altar of Kikubaaqudgha.
  2744 | D:3      | Found a glowing drain.
  2762 | D:3      | Reached XP level 5. HP: 25/40 MP: 9/12
  2780 | Sewer    | Entered a sewer
  3143 | Sewer    | Found a shimmering altar of Xom.
  3153 | Sewer    | Reached XP level 6. HP: 17/47 MP: 11/14
  3368 | Sewer    | Reached skill level 5 in Dodging
  4030 | D:4      | Noticed Edmund
  4049 | D:4      | Killed Edmund
  4058 | D:4      | Reached skill level 7 in Unarmed Combat
  4058 | D:4      | Reached XP level 7. HP: 18/52 MP: 8/15
  4502 | D:4      | Found a staircase to the Ecumenical Temple.
  4513 | Temple   | Entered the Ecumenical Temple
  4676 | Temple   | Became a worshipper of Nemelex Xobeh the Trickster
  4982 | D:4      | Found a shimmering blue altar of Sif Muna.
  5073 | D:4      | You fall into a shaft and drop 1 floor!
  5073 | D:5      | Entered Level 5 of the Dungeon
  5103 | D:5      | Learned a level 3 spell: Confusing Touch
  5546 | D:5      | Found Jeosec's Distillery.
  5556 | D:5      | Bought a potion of curing for 36 gold pieces
  5596 | D:5      | Reached * piety under Nemelex Xobeh
  5623 | D:5      | Found an ornate altar of the Wu Jian Council.
  5700 | D:5      | Reached XP level 8. HP: 54/60 MP: 13/16
  6057 | D:5      | Identified the +1 rapier of Huquew {elec, rElec rN+++ Str+5
                  | Int-3}
  6506 | D:5      | Received a gift from Nemelex Xobeh
  6832 | D:6      | Found a shadowy altar of Dithmenos.
  7191 | D:6      | Reached skill level 5 in Transmutations
  7282 | D:6      | Reached XP level 9. HP: 52/67 MP: 14/18
  7735 | D:6      | Noticed a troll
  7743 | D:6      | Received a gift from Nemelex Xobeh
  8129 | D:7      | Noticed a hornet
  8177 | D:7      | Reached skill level 5 in Fighting
  8277 | D:7      | Killed a hornet
  8278 | D:7      | Reached skill level 8 in Unarmed Combat
  8435 | D:7      | Reached ** piety under Nemelex Xobeh
  8456 | D:7      | Reached skill level 5 in Invocations
  8658 | D:7      | Found a bloodstained altar of Trog.
  8820 | D:7      | HP: 3/63 [wight/+5 battleaxe (2)]
  9673 | D:7      | Found a glowing silver altar of Zin.
  9682 | D:7      | Noticed Dowan
  9685 | D:7      | Noticed Duvessa
  9691 | D:7      | Killed Dowan
  9696 | D:7      | HP: 3/68 [Duvessa/+1 short sword of speed (6)]
  9700 | D:7      | Killed Duvessa
 10105 | D:7      | Reached skill level 5 in Short Blades
 10105 | D:7      | Reached skill level 5 in Long Blades
 10105 | D:7      | Reached skill level 5 in Axes
 10105 | D:7      | Reached skill level 5 in Maces & Flails
 10105 | D:7      | Reached skill level 5 in Polearms
 10105 | D:7      | Reached skill level 5 in Staves
 10105 | D:7      | Reached skill level 5 in Ranged Weapons
 10105 | D:7      | Reached skill level 5 in Throwing
 10105 | D:7      | Reached skill level 5 in Armour
 10105 | D:7      | Reached skill level 5 in Stealth
 10105 | D:7      | Reached skill level 5 in Shields
 10105 | D:7      | Reached skill level 5 in Evocations
 10105 | D:7      | Reached XP level 10. HP: 75/76 MP: 20/20
 10197 | D:7      | Found a glowing golden altar of the Shining One.
 10198 | D:7      | Noticed Joseph
 10216 | D:7      | Killed Joseph
 10497 | D:7      | Found a broken altar of Ashenzari.
 10584 | D:8      | Found a blossoming altar of Fedhas.
 10627 | D:8      | Received a gift from Nemelex Xobeh
 10627 | D:8      | Found a hazy altar of Hepliaklqana.
 10910 | D:8      | Noticed a two-headed ogre
 10925 | D:8      | Slain by a two-headed ogre

Illustrated notes

Levels and vault maps discovered:
D:1:      eino_arrival_water_star, layout_rooms, serial_shops,
          nicolae_shop_overgrown_old_shop,
          shapermc_ecumenical_altar_mp_ritualfount
D:2:      layout_loops_corners, nrook_loot_triangle, grunt_ministairs_2
D:3:      layout_loops_ring, elyvilon_altar_1, lemuel_crystal_altar,
          portal_sewer_entry_a, glass_columns_c
D:4:      layout_basic, mainiacjoe_overflow_surrounded_room,
          minmay_temple_entry_wispy, minivault_19, kennysheep_dice, uniq_edmund
D:5:      kennysheep_six_static_rooms, layout_basic, lemuel_crystal_altar,
          serial_shops, nicolae_shop_statue_plus, nrook_uturn
D:6:      layout_gridville, lemuel_round_altar, lightli_corner_chamber
D:7:      layout_cave_pools, mainiacjoe_overflow_two_lobes, zin_scriptorium,
          mainiacjoe_overflow_alcove_4, water_maze_lemuel, uniq_joseph,
          uniq_duvessa
D:8:      minmay_the_grid_octo_tiled_squarecenter [minmay_the_grid_octo_teeth,
          minmay_the_grid_octo_tetromino_candy,
          minmay_the_grid_octo_thin_diamonds, minmay_the_grid_octo_horde,
          minmay_the_grid_square_5x5_megaprize_hollow,
          minmay_the_grid_square_5x5_checkered_sparse,
          minmay_the_grid_square_5x5_shrine1,
          minmay_the_grid_square_5x5_three_walls,
          minmay_the_grid_square_5x5_seven], layout_basic,
          mainiacjoe_overflow_chevrons, lemuel_round_altar
Temple:   hellmonk_temple_forest_ring

Skill      XL: |  1  2  3  4  5  6  7  8  9 10 |
---------------+-------------------------------+-----
Spellcasting   | 5 6 7 |  7.4
Invocations    | 1 2 3 4 5 |  5.9
Short Blades   | 1 2 3 5 |  5.3
Long Blades    | 1 2 3 5 |  5.3
Axes           | 1 2 3 5 |  5.3
Maces & Flails | 1 2 3 5 |  5.3
Polearms       | 1 2 3 5 |  5.3
Staves         | 1 2 3 5 |  5.3
Ranged Weapons | 1 2 3 5 |  5.3
Throwing       | 1 2 3 5 |  5.3
Armour         | 1 2 3 5 |  5.3
Stealth        | 1 2 3 5 |  5.3
Shields        | 1 2 3 5 |  5.3
Evocations     | 1 2 3 5 |  5.3
Conjurations   | 1 2 3 4 |  4.4
Hexes          | 1 2 3 4 |  4.4
Summonings     | 1 2 3 4 |  4.4
Necromancy     | 1 2 3 4 |  4.4
Translocations | 1 2 3 4 |  4.4
Fire Magic     | 1 2 3 4 |  4.4
Ice Magic      | 1 2 3 4 |  4.4
Air Magic      | 1 2 3 4 |  4.4
Earth Magic    | 1 2 3 4 |  4.4
Poison Magic   | 1 2 3 4 |  4.4
Fighting       | 3 4 5 6 |  6.0
Transmutations | 4 5 |  5.9
Dodging        | 5 6 7 |  7.1
Unarmed Combat | 7 8 |  8.5

Action                   |  1- 3 |  4- 6 |  7- 9 | 10-12 || total
-------------------------+-------+-------+-------+-------++-------
Melee: Dagger            |    73 |    38 |       |       ||   111
       Kick              |    21 |     1 |       |       ||    22
       Headbutt          |    15 |     1 |       |       ||    16
       Unarmed           |     5 |   124 |   344 |    68 ||   541
       Bite              |     6 |     7 |     1 |       ||    14
       Punch             |     2 |       |       |       ||     2
       Flail             |       |       |     2 |       ||     2
 Cast: Beastly Appendage |    19 |     4 |       |       ||    23
       Spider Form       |     1 |    24 |    42 |     8 ||    75
       Wereblood         |       |       |     2 |     2 ||     4
  Use: Scroll            |       |       |     6 |       ||     6
       Potion            |       |       |     1 |     1 ||     2
 Stab: Sleeping          |     1 |     4 |     8 |       ||    13
Armor: Robe              |    15 |     5 |     2 |     1 ||    23
       Skin              |       |     6 |    14 |     3 ||    23
Dodge: Dodged            |    44 |   139 |   301 |    55 ||   539
Block: Other             |       |       |    56 |    22 ||    78
       Reflection        |       |       |       |     3 ||     3

Table legend: (Time is in decaauts)
 A = Elapsed time spent in this place.
 B = Non-inter-level travel time spent in this place.
 C = Inter-level travel time spent in this place.
 D = Time resting spent in this place.
 E = Time spent auto-exploring this place.
 F = Levels seen in this place.
 G = Mean time per level.
                   A        B        C        D        E       F      G
               +--------+--------+--------+--------+--------+-----+--------+
         Total |  10872 |  10691 |    181 |   3577 |   5095 |  10 | 1087.2 |
       Dungeon |  10009 |   9842 |    167 |   3178 |   4885 |   8 | 1251.1 |
        Temple |    178 |    164 |     14 |      0 |    140 |   1 |  178.0 |
         Sewer |    684 |    684 |      0 |    399 |     70 |   1 |  684.0 |
               +--------+--------+--------+--------+--------+-----+--------+

Top non-repeatable levels by time:
     D:7: 2388 daAuts
     D:5: 1409 daAuts
     D:2: 1398 daAuts
     D:6: 1323 daAuts
     D:4: 1271 daAuts
     D:1: 1049 daAuts
     D:3: 823 daAuts
   Sewer: 684 daAuts
     D:8: 345 daAuts
  Temple: 178 daAuts
